 Dungeon Crawl Stone Soup version 0.31-a0-960-g0fca184906 (webtiles) character file.

Game seed: 10225410461526321987

1229 Xavori the Trooper (level 8, 0/53 HPs)
             Began as a Djinni Chaos Knight on Oct 23, 2023.
             Was a Plaything of Xom.
             Slain by a shadow imp (5 damage)
             ... on level 6 of the Dungeon.
             The game lasted 00:05:12 (11989 turns).

Xavori the Trooper (Djinni Chaos Knight)           Turns: 11989, Time: 00:05:12

Health: 0/53       AC:  6    Str: 11    XL:     8   Next: 77%
Gold:   1173       EV: 20    Int: 13    God:    Xom [.*....] SH:  0 Dex: 24

rFire   + + +        B - +2 long sword (flame)
rCold   . . .        (no shield)
rNeg    . . .        b - +2 leather armour
rPois   ∞            e - +0 hat "Faesecva" {rF+ rC+ Str+2 Dex+2}
rElec   .            o - +0 cloak
rCorr   .            (no gloves)
SInv    .            (boots unavailable)
Will    .....        (no amulet)
Stlth   ++           g - +5 ring of evasion
HPRegen 0.28/turn    v - +6 ring of dexterity
MPRegen 0.00/turn

%: infuse magic (-1 HP)
@: flying
A: sickness immunity, fire resistance 3, cold vulnerability 1, float, innate
caster, HP casting, extra vitality 1, frail 1, screaming 1, weak 1, inability to
drink after injury 1, MP-powered wands
a: Renounce Religion


You were on level 6 of the Dungeon.
You worshipped Xom.
You were a plaything of Xom.
You visited 1 branch of the dungeon, and saw 6 of its levels.

You collected 1413 gold pieces.
You spent 240 gold pieces at shops.

Inventory:

Hand Weapons
 B - a +2 long sword of flaming (weapon)
Armour
 b - a +2 leather armour (worn)
 e - the +0 hat "Faesecva" (worn) {rF+ rC+ Str+2 Dex+2}
   (You acquired it on level 5 of the Dungeon)

   Str+2:     It affects your strength (+2).
   Dex+2:     It affects your dexterity (+2).
   rF+:       It protects you from fire.
   rC+:       It protects you from cold.
 o - a +0 cloak (worn)
Jewellery
 g - a +5 ring of evasion (left hand)
 t - the amulet of Propriety {RegenMP Harm *Slow Str+3 Int+8}
   (You found it on level 2 of the Dungeon)

   [amulet of magic regeneration]

   RegenMP:   It increases your rate of magic regeneration.
   Str+3:     It affects your strength (+3).
   Int+8:     It affects your intelligence (+8).
   *Slow:     It may slow you when you take damage.
   Harm:      It increases damage dealt and taken.
 v - a +6 ring of dexterity (right hand)
 x - a ring of wizardry
Wands
 j - a wand of light (2)
 y - a wand of polymorph (12)
 D - a wand of charming (4)
 E - a wand of flame (9)
Scrolls
 c - 2 scrolls of butterflies
 d - 2 scrolls of immolation
 f - 2 scrolls of blinking
 l - a scroll of poison
 q - a scroll of vulnerability {unknown}
 r - 8 scrolls of teleportation
 s - a scroll of noise {unknown}
 A - a scroll of enchant weapon
Potions
 h - a potion of haste {unknown}
 i - a potion of heal wounds {unknown}
 k - 2 potions of mutation
 m - a potion of attraction {unknown}
 n - 2 potions of curing {unknown}
 u - a potion of might {unknown}
 w - a potion of ambrosia {unknown}
 z - a potion of magic {unknown}
 C - a potion of brilliance {unknown}
 F - a potion of invisibility {unknown}


   Skills:
 + Level 5.3 Fighting
 + Level 4.8 Long Blades
 + Level 4.4 Armour
 + Level 5.3 Dodging
 * Level 2.8 Spellcasting
 * Level 2.8 Conjurations
 * Level 2.8 Hexes
   Level 0.0 Charms
 * Level 2.8 Summonings
 * Level 2.8 Necromancy
 * Level 2.8 Translocations
 * Level 2.8 Transmutations
 * Level 2.8 Fire Magic
 * Level 2.8 Ice Magic
 * Level 2.8 Air Magic
 * Level 2.8 Earth Magic
 * Level 2.8 Poison Magic


You knew the following spells:

 Your Spells              Type           Power      Damage    Failure   Level
a - Summon Small Mammal   Summ           36%        N/A       10%         1
b - Poisonous Vapours     Pois/Air       18%        N/A       14%         2
c - Scorch                Fire           18%        2d5       14%         2
Your spell library was empty.

Dungeon Overview and Level Annotations

Branches:
Dungeon (6/15)
 Temple: D:4-7

Altars:
Makhleb
Nemelex Xobeh
Xom
The Shining One

Shops:
D:1 (   D:5 *


Innate Abilities, Weirdness & Mutations

You are immune to sickness and miasma.
You are immune to poison.
Your flesh is almost immune to the effects of heat. (rF+++)
You are vulnerable to cold. (rC-)
You float through the air rather than walking.
You learn spells naturally, not from books.
Your magical power is your life essence.
You have superior vitality. (+4 MHP)
You are frail. (-10% HP)
You occasionally shout uncontrollably at your foes.
You are weak. (Str -2)
You occasionally lose the ability to drink potions when taking damage.
You expend health (3 HP) to strengthen your wands.


Message History

The shadow imp hits you.
You barely miss the shadow imp.
The shadow imp is moderately wounded.
The black bear bites you. The black bear claws you.
The black bear claws you but does no damage.
The shadow imp hits you. The black bear misses you.
The black bear claws you but does no damage.
The black bear claws you. The shadow imp gestures at you.
Pain shoots through your body!
The black bear attacks as it pursues you!
The black bear bites you but does no damage.
The black bear completely misses you. x2
You slash the black bear! You burn the black bear.
The black bear is moderately wounded.
The black bear closely misses you. The black bear barely misses you. x2
You slash the black bear! You burn the black bear.
The black bear is almost dead.
The black bear goes berserk!
You barely miss the black bear.
The black bear is almost dead.
The black bear bites you.
* * * LOW HITPOINT WARNING * * *
The black bear closely misses you. x2; The black bear misses you.
The black bear barely misses you. The black bear misses you.
You closely miss the black bear.
The black bear is almost dead.
The black bear completely misses you. The black bear claws you.
* * * LOW HITPOINT WARNING * * *
The black bear claws you.
* * * LOW HITPOINT WARNING * * *
The black bear misses you. The black bear claws you.
* * * LOW HITPOINT WARNING * * *
The black bear closely misses you.
You slash the black bear! You burn the black bear.
You kill the black bear!
You reach down and close the door.
You start resting.
Something unseen breaks down the door.
The shadow imp hits you.
You die...

##.###.#
#..####.# #.#
#### #.##
.#.####.###.#
##.#
#..........#
#.
#######.####
## #.# # #.#
## #.##..#+
#>@....#
#.#5...#
####..## #+#


You could see a shadow imp.

Vanquished Creatures
  A water moccasin (D:5)
  An ice beast (D:5)
  2 black bears
  An ogre (D:6)
  Blork the orc (D:5)
  2 howler monkeys
  2 jellies
  A hound (D:5)
  A gnoll bouda (D:4)
  Natasha (D:2)
  4 iguanas
  7 gnolls
  An adder (D:4)
  2 ufetubi (D:6)
  A worm (D:4)
  A dart slug (D:1)
  2 orcs (D:4)
  8 bats
  5 endoplasms (D:1)
  3 giant cockroaches
  5 goblins
  5 hobgoblins
  2 jackals (D:1)
  6 kobolds
  3 quokkas
  8 ball pythons
  8 frilled lizards
  2 rats
86 creatures vanquished.

Vanquished Creatures (collateral kills)
  A scorpion (D:4)
  A gnoll sergeant (D:5)
  2 iguanas (D:5)
  9 gnolls (D:5)
13 creatures vanquished.

Vanquished Creatures (others)
  A gnoll (D:5)
1 creature vanquished.

Grand Total: 100 creatures vanquished

Notes
Turn   | Place    | Note
-------+----------+-------------------------------------------
     0 | D:1      | Xavori the Djinni Chaos Knight began the quest for the Orb.
     0 | D:1      | Reached XP level 1. HP: 20/20 MP: 0/0
    20 | D:1      | XOM: silly message
   114 | D:1      | Reached XP level 2. HP: 9/25 MP: 0/0
   358 | D:1      | Found Wulienn's Antique Weapon Shop.
   445 | D:1      | Reached XP level 3. HP: 26/30 MP: 0/0
   445 | D:1      | Learned a level 1 spell: Summon Small Mammal
   644 | D:1      | XOM: silly message
   794 | D:1      | Found a faded altar of an unknown god.
  1264 | D:1      | XOM: silly message
  1468 | D:1      | XOM: summons 4 hostile shadow creatures
  1981 | D:1      | XOM: torment (16/30 hp)
  2320 | D:1      | XOM: give mutations
  2320 | D:1      | Gained mutation: You are frail. (-10% HP) [Xom's mischief]
  2320 | D:1      | Gained mutation: You have hidden genetic defects. [Xom's
                  | mischief]
  2479 | D:1      | XOM: summons 1 hostile demon
  2917 | D:1      | XOM: summons 3 hostile shadow creatures
  3429 | D:1      | XOM: god gift: scroll labelled XOFOEN BO OFI {god gift}
  3480 | D:1      | XOM: summons 2 hostile demons
  3481 | D:1      | Noticed a neqoxec
  3740 | D:1      | XOM: give mutation
  3740 | D:1      | Gained mutation: Your flesh is almost immune to the effects
                  | of heat. (rF+++) [Xom's grace]
  3933 | D:1      | XOM: divination: detect creatures
  4039 | D:1      | XOM: cloud trail
  4211 | D:1      | XOM: divination: magic mapping
  5004 | D:1      | XOM: divination: magic mapping
  5123 | D:1      | XOM: divination: magic mapping
  6644 | D:1      | XOM: god gift: twisted wooden wand {god gift}
  7232 | D:1      | XOM is BORED!
  8175 | D:1      | XOM: noise
  8336 | D:1      | XOM: give mutations
  8336 | D:1      | Gained mutation: You expend health (3 HP) to strengthen
                  | your wands. [Xom's mischief]
  8336 | D:1      | Gained mutation: You have a somewhat thin skeletal
                  | structure. (Dex +2, Stealth+) [Xom's mischief]
  8336 | D:1      | Gained mutation: You are clumsy. (Dex -2) [Xom's mischief]
  8919 | D:2      | Found a sparkling altar of Nemelex Xobeh.
  9068 | D:2      | Identified the amulet of Propriety {RegenMP Harm *Slow
                  | Str+3 Int+8}
  9147 | D:2      | Noticed Natasha
  9151 | D:2      | XOM: butterfly on damage
  9153 | D:2      | Killed Natasha
  9154 | D:2      | Reached XP level 4. HP: 7/31 MP: 0/0
  9262 | D:2      | XOM: silly message
  9274 | D:2      | XOM: give mutations
  9274 | D:2      | Lost mutation: You have a somewhat thin skeletal structure.
                  | (Dex +2, Stealth+) [Xom's mischief]
  9274 | D:2      | Lost mutation: You are clumsy. (Dex -2) [Xom's mischief]
  9309 | D:3      | Found a glowing golden altar of the Shining One.
  9402 | D:3      | XOM: cloud trail
  9472 | D:3      | XOM: give mutations
  9472 | D:3      | Gained mutation: You have terrible hidden genetic defects.
                  | [Xom's mischief]
  9472 | D:3      | Gained mutation: Your mind is acute. (Int +4, Str/Dex -1)
                  | [Xom's mischief]
  9581 | D:3      | XOM: 2-stop teleportation journey
  9708 | D:3      | XOM: noise
  9795 | D:4      | Gained mutation: You occasionally shout uncontrollably at
                  | your foes. [hidden defects]
  9814 | D:4      | Noticed a scorpion
  9820 | D:4      | XOM: summons 3 friendly demons
  9831 | D:4      | Killed a scorpion
  9832 | D:4      | Reached XP level 5. HP: 33/36 MP: 0/0
  9832 | D:4      | Learned a level 2 spell: Poisonous Vapours
  9965 | D:4      | XOM: chaos upgrade
  9972 | D:4      | Reached XP level 6. HP: 22/42 MP: 0/0
  9987 | D:4      | Gained mutation: Your body sometimes deteriorates upon
                  | taking damage. [hidden defects]
  9987 | D:4      | Lost mutation: You have terrible hidden genetic defects.
                  | [hidden defects expressed]
 10172 | D:4      | XOM: silly message
 10233 | D:4      | XOM: 2-stop teleportation journey
 10265 | D:4      | Found a shimmering altar of Xom.
 10302 | D:4      | Gained mutation: You occasionally lose the ability to drink
                  | potions when taking damage. [hidden defects]
 10535 | D:4      | Gained mutation: You are weak. (Str -2) [hidden defects]
 10535 | D:4      | Lost mutation: You have hidden genetic defects. [hidden
                  | defects expressed]
 10547 | D:4      | XOM: 6-stop teleportation journey
 10614 | D:4      | Found a burning altar of Makhleb.
 10614 | D:4      | Noticed a blizzard demon
 10640 | D:4      | XOM: silly message
 10686 | D:4      | XOM: give mutations
 10686 | D:4      | Lost mutation: Your body sometimes deteriorates upon taking
                  | damage. [Xom's mischief]
 10686 | D:4      | Lost mutation: Your mind is acute. (Int +4, Str/Dex -1)
                  | [Xom's mischief]
 10764 | D:5      | Entered Level 5 of the Dungeon
 10857 | D:5      | Reached XP level 7. HP: 47/47 MP: 0/0
 10857 | D:5      | Learned a level 2 spell: Scorch
 10861 | D:5      | Reached skill level 1 in Spellcasting
 10861 | D:5      | Reached skill level 1 in Conjurations
 10861 | D:5      | Reached skill level 1 in Hexes
 10861 | D:5      | Reached skill level 1 in Summonings
 10861 | D:5      | Reached skill level 1 in Necromancy
 10861 | D:5      | Reached skill level 1 in Translocations
 10861 | D:5      | Reached skill level 1 in Transmutations
 10861 | D:5      | Reached skill level 1 in Fire Magic
 10861 | D:5      | Reached skill level 1 in Ice Magic
 10861 | D:5      | Reached skill level 1 in Air Magic
 10861 | D:5      | Reached skill level 1 in Earth Magic
 10861 | D:5      | Reached skill level 1 in Poison Magic
 10865 | D:5      | XOM: destruction
 11220 | D:5      | Reached XP level 8. HP: 29/52 MP: 0/0
 11254 | D:5      | XOM: silly message
 11324 | D:5      | Noticed Blork the orc
 11330 | D:5      | Killed Blork the orc
 11341 | D:5      | Reached skill level 5 in Fighting
 11476 | D:5      | Reached skill level 5 in Dodging
 11504 | D:5      | XOM: cloud trail
 11644 | D:5      | Found Pucrip's Assorted Antiques.
 11644 | D:5      | XOM: silly message
 11871 | D:5      | Bought a scroll labelled WEUPEHONIW for 24 gold pieces
 11872 | D:5      | Bought a scroll of teleportation for 72 gold pieces
 11872 | D:5      | Bought a scroll of teleportation for 72 gold pieces
 11872 | D:5      | Bought a scroll of teleportation for 72 gold pieces
 11878 | D:5      | Identified 2 scrolls of acquirement
 11878 | D:5      | Acquired the +0 hat "Faesecva" {rF+ rC+ Str+2 Dex+2}
 11885 | D:5      | Acquired 1065 gold pieces
 11989 | D:6      | Slain by a shadow imp

Illustrated notes

Levels and vault maps discovered:
D:1:      sevenhm_arrival_forest_fort_large_2, layout_rooms, serial_shops, shop,
          shapermc_ecumenical_altar_flowoftime, kennysheep_minor_cross,
          chequers_arboretum, hangedman_decor_slide_cut, minmay_octomino_j4
D:2:      layout_loops_ring, basic_altar, uniq_natasha
D:3:      layout_rooms, mainiacjoe_overflow_concentric_impassable,
          corner_web_ring
D:4:      layout_basic, makhleb_altar_promises_db, amcnicky_altar_gilded,
          minmay_misc_feat_more_columns, minmay_splitting_lines,
          minmay_misc_feat_encased
D:5:      layout_loops_ring, serial_shops, nicolae_stop_n_shop_2,
          lightli_minifort, uniq_blork_the_orc
D:6:      minmay_bubble_buster, layout_loops_ring, enter_ossuary_3,
          corexii_corridor_pit

Skill      XL: |  1  2  3  4  5  6  7  8 |
---------------+-------------------------+-----
Long Blades    | 3 4 |  4.8
Armour         | 2 3 4 |  4.4
Dodging        | 3 4 5 |  5.3
Fighting       | 4 5 |  5.3
Spellcasting   | 2 |  2.8
Conjurations   | 2 |  2.8
Hexes          | 2 |  2.8
Summonings     | 2 |  2.8
Necromancy     | 2 |  2.8
Translocations | 2 |  2.8
Transmutations | 2 |  2.8
Fire Magic     | 2 |  2.8
Ice Magic      | 2 |  2.8
Air Magic      | 2 |  2.8
Earth Magic    | 2 |  2.8
Poison Magic   | 2 |  2.8

Action                     |  1- 3 |  4- 6 |  7- 9 || total
---------------------------+-------+-------+-------++-------
  Melee: Falchion          |   105 |    78 |       ||   183
         Punch             |     3 |       |     2 ||     5
         Long sword        |       |     9 |    68 ||    77
   Cast: Poisonous Vapours |       |       |     1 ||     1
         Scorch            |       |       |     1 ||     1
  Evoke: Wand              |       |     2 |       ||     2
    Use: Scroll            |     1 |       |     9 ||    10
   Stab: Sleeping          |     2 |     1 |     1 ||     4
         Distracted        |       |       |     1 ||     1
 Armour: Leather armour    |    54 |    29 |    43 ||   126
  Dodge: Dodged            |    99 |    71 |    89 ||   259

Table legend: (Time is in decaauts)
 A = Elapsed time spent in this place.
 B = Non-inter-level travel time spent in this place.
 C = Inter-level travel time spent in this place.
 D = Time resting spent in this place.
 E = Time spent auto-exploring this place.
 F = Levels seen in this place.
 G = Mean time per level.
                   A        B        C        D        E       F      G
               +--------+--------+--------+--------+--------+-----+--------+
         Total |  12033 |  11876 |    157 |   8049 |   3018 |   6 | 2005.5 |
       Dungeon |  12033 |  11876 |    157 |   8049 |   3018 |   6 | 2005.5 |
               +--------+--------+--------+--------+--------+-----+--------+

Top non-repeatable levels by time:
     D:1: 7432 daAuts
     D:2: 1898 daAuts
     D:5: 1142 daAuts
     D:4: 1011 daAuts
     D:3: 452 daAuts
     D:6: 96 daAuts
